 Dungeon Crawl Stone Soup version 0.16.1-51-g6203257 (webtiles) character file.

147 Yazd the Cudgeler (level 5, 0/45 HPs)
             Began as an Ogre Wizard on July 12, 2015.
             Was a Follower of Ashenzari.
             Slain by a worker ant (5 damage)
             ... on level 3 of the Dungeon.
             The game lasted 00:16:08 (4191 turns).

Yazd the Cudgeler (Ogre Wizard)                     Turns: 4191, Time: 00:16:08

Health: 0/45       AC:  4    Str: 12    XL:     5   Next: 29%
Magic:  9/13       EV:  9    Int: 18    God:    Ashenzari [*.....]
Gold:   109        SH:  0    Dex:  8    Spells: 3 memorised, 7 levels left

rFire  . . .     SeeInvis .     p - +1 whip
rCold  . . .     Clarity  .     m - +0 robe
rNeg   . . .     SustAb   .     (shield restricted)
rPois  .         Gourm    .     b - +1 hat
rElec  .         Spirit   .     (no cloak)
rCorr  .         Warding  .     (gloves unavailable)
rMut   .         Stasis   .     (boots unavailable)
MR     .....                    (no amulet)
Stlth  +.........               (no ring)
                                (no ring)

@: lethally poisoned (0 -> -4), not resistant to hostile enchantments, very
unstealthy
A: unfitting armour, tough skin 1
a: Renounce Religion


You were on level 3 of the Dungeon.
You worshipped Ashenzari.
Ashenzari was aware of your devotion.
You were not hungry.

You visited 1 branch of the dungeon, and saw 3 of its levels.

You collected 109 gold pieces.

Inventory:

Hand weapons
 j - a +0 blowgun
 p - a +1 whip (weapon)
Missiles
 e - 29 stones (quivered)
 h - 14 poisoned needles
Armour
 b - a +1 hat (worn)
 m - a +0 robe (worn)
Scrolls
 g - a scroll of remove curse
 i - a scroll of fear
Books
 c - a book of Minor Magic

   Spells                             Type                      Level
   a - Magic Dart                     Conjuration                  1
   b - Blink                          Translocation                2
   c - Call Imp                       Summoning                    2
   d - Repel Missiles                 Charms/Air                   2
   e - Slow                           Hexes                        2
   f - Conjure Flame                  Conjuration/Fire             3
   g - Mephitic Cloud                 Conjuration/Poison/Air       3
Comestibles
 d - 2 meat rations
 l - a chunk of flesh


   Skills:
 + Level 5.6 Maces & Flails
 - Level 1.7 Dodging
 - Level 1.5 Stealth
 - Level 4.0 Spellcasting
 - Level 1.2 Conjurations
   Level 0.6 Summonings
 - Level 0.6 Translocations


You had 7 spell levels left.
You knew the following spells:

 Your Spells              Type           Power        Failure   Level  Hunger
a - Magic Dart            Conj           #...         12%         1    None
b - Blink                 Tloc           N/A          17%         2    ##.....
c - Repel Missiles        Chrm/Air       #.....       21%         2    ##.....


Dungeon Overview and Level Annotations

Branches:
Dungeon (3/15)

Altars:
Ashenzari
Makhleb

Annotations:
D:3 raikaria's ghost, weakling HEHu


Innate Abilities, Weirdness & Mutations

You are too large for most types of armour.
You have tough skin (AC +1).


Message History

The worker ant is heavily wounded.
The worker ant bites you.
You are poisoned.
The worker ant poisons you!
Casting: Magic Dart
Confirm with . or Enter, or press ? or * to list all spells.
Aiming: Magic Dart
Press: ? - help, Shift-Dir - straight line, f/p - worker ant
Aim: a worker ant (heavily wounded)
The magic dart hits the worker ant.
The worker ant is heavily wounded.
You feel sick. The worker ant closely misses you.
You hit the worker ant but do no damage.
The worker ant is heavily wounded.
You feel sick. The worker ant bites you!
* * * LOW HITPOINT WARNING * * *
You hit the worker ant.
The worker ant is severely wounded.
The worker ant bites you.
You die...

...#.# .## ##.###.
##.#.##...######...##.
##.###......#.......).....
........#.##...######...###
................######.####
.######.#..##.#.##.........
#.##.# ........#### #. #.#
######### #. #@# #. #a#
#......# #......# #......#
##.....# #.....# ##.##.# .(
.#


You could see a worker ant.

Vanquished Creatures
  A hound (D:2)
  An orc wizard (D:2)
  3 adders (D:2)
  A giant gecko (D:2)
  2 orcs (D:3)
  2 ball pythons
  4 giant cockroaches
  10 hobgoblins
  13 jackals
  8 bats
  5 giant newts
  4 goblins
  5 kobolds
  6 rats
65 creatures vanquished.

Notes
Turn   | Place    | Note
--------------------------------------------------------------
     0 | D:1      | Yazd, the Ogre Wizard, began the quest for the Orb.
     0 | D:1      | Reached XP level 1. HP: 16/16 MP: 4/4
   359 | D:1      | Reached skill level 1 in Conjurations
   359 | D:1      | Reached XP level 2. HP: 24/24 MP: 4/6
   363 | D:1      | Learned a level 2 spell: Blink
   366 | D:1      | Learned a level 2 spell: Repel Missiles
   506 | D:1      | Reached skill level 4 in Spellcasting
   673 | D:1      | Reached skill level 1 in Maces & Flails
  1220 | D:1      | Reached XP level 3. HP: 31/31 MP: 5/9
  1331 | D:1      | Found a shattered altar of Ashenzari.
  1336 | D:1      | Became a worshipper of Ashenzari the Shackled
  2036 | D:2      | Found a burning altar of Makhleb.
  2050 | D:2      | Reached XP level 4. HP: 27/39 MP: 1/11
  3155 | D:3      | Reached skill level 5 in Maces & Flails
  3260 | D:3      | Reached XP level 5. HP: 45/45 MP: 10/13
  3364 | D:2      | HP: 1/45 [orc wizard/magic dart (7)]
  3717 | D:3      | Noticed raikaria's ghost (weakling HEHu)
  4191 | D:3      | Slain by a worker ant

Action                   |  1- 3 |  4- 6 || total
-------------------------+-------+-------++-------
Melee: Club              |    57 |    24 ||    81
       Whip              |       |   110 ||   110
Throw: Stone             |     1 |       ||     1
 Cast: Magic Dart        |    91 |    89 ||   180
       Repel Missiles    |       |     1 ||     1
  Use: Scroll            |     4 |     4 ||     8
       Potion            |     1 |     6 ||     7
  Eat: Chunk             |     3 |     4 ||     7
       Meat ration       |       |     1 ||     1
       Pizza             |       |     1 ||     1
